 Dungeon Crawl Stone Soup version 0.28-a0-706-gf6f64a616a (webtiles) character file.

Game seed: 17934550027495029021

4517 frimble the Firebug (level 10, -3/76 HPs)
             Began as a Demonspawn Fire Elementalist on Oct 25, 2021.
             Slain by a brown ugly thing (9 damage)
             ... on level 7 of the Dungeon.
             The game lasted 00:12:24 (8669 turns).

frimble the Firebug (Demonspawn Fire Elementalist)  Turns: 8669, Time: 00:12:25

Health: -3/76      AC:  5    Str:  8    XL:     10   Next: 17%
Magic:  13/14      EV: 16    Int: 21    God:
Gold:   514        SH:  0    Dex: 14    Spells: 7/15 levels left

rFire   . . .      SeeInvis .   s - +8 rapier "Goboh" {drain, Int+4}
rCold   . . .      Faith    .   (no shield)
rNeg    . . .      Spirit   .   y - +0 robe of Exclusion {Will+ Int-3 Slay+3}
rPois   .          Reflect  .   (helmet restricted)
rElec   .          Harm     .   r - +2 cloak
rCorr   .          Rampage  .   x - +1 pair of gloves
Will    +....                   (no boots)
Stlth   +++.......              (no amulet)
HPRegen 0.22/turn               d - ring of wizardry
MPRegen 0.14/turn               m - +4 ring of evasion

@: lethally poisoned (-3 -> -7), corroded
A: antennae 1, molten scales 1, demonic guardian 1, demonic magic 1
a: no special abilities


You were on level 7 of the Dungeon.
You visited 1 branch of the dungeon, and saw 7 of its levels.

You collected 896 gold pieces.
You spent 382 gold pieces at shops.

Inventory:

Hand Weapons
 s - the +8 rapier "Goboh" (weapon) {drain, Int+4}
   (You acquired it on level 3 of the Dungeon)

   A truly terrible weapon, it drains the life of any living foe it strikes.
   Int:       It affects your intelligence (+4).
Missiles
 e - 25 poisoned darts (quivered)
Armour
 a - a +0 robe
 f - a +1 kite shield
 o - the +6 scale mail of Giubezuh {rF+ Slay+2}
   (You bought it in a shop on level 4 of the Dungeon)

   Slay:      It affects your accuracy & damage with ranged weapons and melee
   (+2).
   rF:        It protects you from fire.
 r - a +2 cloak (worn)
 x - a +1 pair of gloves (worn)
 y - the +0 robe of Exclusion (worn) {Will+ Int-3 Slay+3}
   (You bought it in a shop on level 4 of the Dungeon)

   Int:       It affects your intelligence (-3).
   Slay:      It affects your accuracy & damage with ranged weapons and melee
   (+3).
   Will:      It increases your willpower.
 D - a scarf of invisibility
Jewellery
 d - a ring of wizardry (left hand)
 m - a +4 ring of evasion (right hand)
 A - a ring of flight
 E - an amulet of magic regeneration
 G - a ring of protection from fire
Wands
 j - a wand of flame (30)
 k - a wand of iceblast (28)
 z - a wand of paralysis (6)
 B - a wand of polymorph (5)
 C - a wand of digging (4)
Scrolls
 b - 4 scrolls of teleportation
 h - 7 scrolls of noise
 n - a scroll of fog
 v - 3 scrolls of amnesia {unknown}
 w - 3 scrolls of identify
Potions
 c - 5 potions of attraction {unknown}
 g - 3 potions of curing
 i - a potion of might {unknown}
 l - 3 potions of brilliance {unknown}
 p - 2 potions of lignification {unknown}
 q - a potion of heal wounds {unknown}
 t - 2 potions of cancellation {unknown}
 u - a potion of berserk rage {unknown}
 F - a potion of mutation {unknown}
 H - a potion of ambrosia {unknown}


   Skills:
 + Level 6.0 Fighting
 + Level 6.9 Short Blades
 - Level 1.7 Dodging
 + Level 4.8 Stealth
 + Level 3.2 Spellcasting
 - Level 4.5 Conjurations
 - Level 2.0 Hexes
 - Level 7.0 Fire Magic
 + Level 4.2 Evocations


You had 7 spell levels left.
You knew the following spells:

 Your Spells              Type           Power      Damage    Failure   Level
a - Foxfire               Conj/Fire      100%       2x1d9     1%          1
b - Inner Flame           Hex/Fire       22%        N/A       2%          3
c - Flame Wave            Conj/Fire      27%        3d6       4%          4

Your spell library contained the following spells:

 Spells                   Type           Power      Damage    Failure   Level
 Shock                    Conj/Air       48%        1d6       1%          1
 Scorch                   Fire           66%        2d8       1%          2
 Conjure Flame            Conj/Fire      27%        6-21      1%          3
 Sting                    Tmut/Pois      12%        1d3       5%          1
 Poisonous Vapours        Pois/Air       6%         N/A       9%          2
 Swiftness                Air            3%         N/A       16%         3
 Cause Fear               Hex            5%         N/A       22%         4
 Leda's Liquefaction      Hex/Erth       3%         N/A       32%         4
 Airstrike                Air            1%         N/A       45%         4
 Animate Armour           Summ/Erth      6%         N/A       45%         4
 Animate Dead             Necr           1%         N/A       45%         4
 Olgreb's Toxic Radiance  Pois           3%         N/A       45%         4
 Blade Hands              Tmut           1%         N/A       78%         5
 Lee's Rapid Deconstruct  Erth           1%         3d5*      78%         5
 Iron Shot                Conj/Erth      6%         9d2       95%         6
 Statue Form              Tmut/Erth      2%         N/A       100%        6
 Haunt                    Necr/Summ      1%         N/A       100%        7
 Discord                  Hex            5%         N/A       100%        8
 Infestation              Necr           1%         N/A       100%        8


Dungeon Overview and Level Annotations

Branches:
Dungeon (7/15)             Temple (0/1) D:5

Altars:
Sif Muna

Shops:
D:4 [

Annotations:
D:1 1 runed translucent door
D:3 2 runed translucent doors
D:7 3 runed translucent doors, jdsmith2816's ghost, novice KoBe


Innate Abilities, Weirdness & Mutations

You have a pair of small antennae on your head.
You are partially covered in molten scales. (AC +2)
A weak demonic guardian rushes to your aid.
Spells you cast may paralyse adjacent enemies.


Message History

The green ugly thing suddenly stops moving!
You feel very sick.
The helpless green ugly thing fails to defend itself.
You skewer the green ugly thing like a kebab!!!
You drain the green ugly thing!!
You kill the green ugly thing!
You feel very sick.
Your Fighting skill increases to level 6!
You feel very sick. The brown ugly thing tail-slaps you!
You are splashed with acid!
A demonic guardian appears!
You see here an ugly thing corpse.
Aiming: Paralyse
Press: ? - help, Shift-Dir - straight line, f - brown ugly thing
Aim: a brown ugly thing (ally target, chance to affect: 40%)
The brown ugly thing resists with some effort.
You feel very sick. The brown ugly thing tail-slaps you! The acid corrodes you!
You are splashed with acid!
* * * LOW HITPOINT WARNING * * *
Aiming: Paralyse
Press: ? - help, Shift-Dir - straight line, f/p - brown ugly thing
Aim: a brown ugly thing (ally target, chance to affect: 40%)
The brown ugly thing resists with some effort.
You feel sick.
The brown ugly thing closely misses you.
Aiming: Paralyse
Press: ? - help, Shift-Dir - straight line, f/p - brown ugly thing
Aim: a brown ugly thing (ally target, chance to affect: 40%)
The brown ugly thing resists with some effort.
You feel sick. The brown ugly thing tail-slaps you.
* * * LOW HITPOINT WARNING * * *
You are splashed with acid!
* * * LOW HITPOINT WARNING * * *
Aiming: Paralyse
Press: ? - help, Shift-Dir - straight line, f/p - brown ugly thing
Aim: a brown ugly thing (ally target, chance to affect: 40%)
The brown ugly thing resists with some effort.
You feel sick. The brown ugly thing tail-slaps you!
You die...

.#.#.#####.##.#######.######.##..
.#.##.##..###.# #.........##.##..
....##..####.## #####.#####..###.
##...#####..## #.....##..####.
###..###.### ###.###........
##..##.....## ##..)..##..#####
#..##.......## ##.#####.##..# #.
#.##.........###5## ##.##.# #.
#.#...........#@## ##.#.# ##
#.#...........#u#{{ #.#.####
#.#.....).....#yO{o.⌠o. ###....#
##.#...........#(#O.!OJ. #....#
#..#...........#(##..:.. #....#
.#.##.........###. #.}(# ##..##.
#...##.......##.## #### ##...##.
##...##.....##...## ##...)...
#....###.###..#..#######..).####


You could see a brown ugly thing (ally target), 2 two-headed ogres, a vampire
mosquito and a friendly shadow imp (summoned).

Vanquished Creatures
  2 two-headed ogres
  An ugly thing (D:7)
  Prince Ribbit (D:6)
  A shadow (D:7)
  A steam dragon (D:6)
  2 black bears
  2 sky beasts
  An ice beast (D:6)
  4 necrophages
  2 ogres (D:5)
  A phantom (D:4)
  A kobold brigand (D:3)
  3 bullfrogs
  A wyvern skeleton (D:7)
  2 scorpions
  A water moccasin skeleton (D:4)
  A killer bee (D:7)
  A wight (D:7)
  3 centaur zombies
  A hound (D:5)
  A bullfrog zombie (D:5)
  4 jellies
  4 orc priests
  An iguana (D:5)
  Ijyb (D:5)
  6 orc wizards
  A killer bee zombie (D:4)
  3 hound skeletons (D:4)
  A howler monkey zombie (D:7)
  Robin (D:2)
  3 gnolls (D:6)
  4 adders
  A shadow imp (D:7)
  An ufetubus (D:4)
  2 dart slugs (D:4)
  13 orcs
  11 ball pythons
  11 endoplasms
  10 hobgoblins
  2 jackals (D:1)
  7 kobolds
  3 quokkas
  4 bats
  2 frilled lizards
  9 goblins
  7 rats (D:2)
145 creatures vanquished.

Vanquished Creatures (collateral kills)
  An orc (D:5)
  2 hobgoblins (D:3)
  4 kobolds (D:3)
7 creatures vanquished.

Vanquished Creatures (others)
  A goblin (D:4)
  173 foxfires
  2 fungi (D:7)
  2 plants (D:7)
178 creatures vanquished.

Grand Total: 330 creatures vanquished

Notes
Turn   | Place    | Note
-------+----------+-------------------------------------------
     0 | D:1      | frimble the Demonspawn Fire Elementalist began the quest
                  | for the Orb.
     0 | D:1      | Reached XP level 1. HP: 13/13 MP: 3/3
     1 | D:1      | Found a runed translucent door.
   836 | D:1      | Gained mutation: You have a pair of small antennae on your
                  | head. [demonic ancestry]
   836 | D:1      | Reached XP level 2. HP: 18/19 MP: 5/5
  1111 | D:1      | Reached skill level 3 in Fire Magic
  1209 | D:1      | Identified a scroll of acquirement
  1209 | D:1      | Acquired 528 gold pieces
  1238 | D:2      | Reached skill level 1 in Short Blades
  1713 | D:2      | Reached XP level 3. HP: 24/24 MP: 6/6
  1717 | D:2      | Noticed Robin
  1750 | D:2      | Killed Robin
  2386 | D:3      | Learned a level 3 spell: Inner Flame
  2564 | D:3      | Gained mutation: A weak demonic guardian rushes to your
                  | aid. [demonic ancestry]
  2564 | D:3      | Reached XP level 4. HP: 23/30 MP: 3/7
  2825 | D:3      | Noticed a kobold brigand
  2834 | D:3      | Killed a kobold brigand
  2835 | D:3      | Reached skill level 1 in Hexes
  2835 | D:3      | Gained mutation: You are partially covered in molten
                  | scales. (AC +2) [demonic ancestry]
  2835 | D:3      | Reached XP level 5. HP: 25/35 MP: 0/8
  2837 | D:3      | Acquired the +8 rapier "Goboh" {drain, Int+4}
  3073 | D:3      | Found a faded altar of an unknown god.
  3242 | D:3      | Noticed a sky beast
  3268 | D:3      | Killed a sky beast
  3384 | D:3      | Reached skill level 4 in Fire Magic
  3384 | D:3      | Reached XP level 6. HP: 33/41 MP: 9/9
  3611 | D:3      | Found a large runed translucent door.
  3611 | D:3      | Found a large runed translucent door.
  3858 | D:4      | Reached XP level 7. HP: 39/46 MP: 10/10
  4041 | D:4      | Learned a level 4 spell: Flame Wave
  4069 | D:4      | Noticed a two-headed ogre
  4127 | D:4      | Reached skill level 5 in Fire Magic
  4140 | D:4      | Killed a two-headed ogre
  4141 | D:4      | Reached skill level 5 in Short Blades
  4141 | D:4      | Reached XP level 8. HP: 36/58 MP: 4/11
  4488 | D:4      | Found a shimmering blue altar of Sif Muna.
  4567 | D:4      | Found Jitosa's Antique Armour Shop.
  4881 | D:4      | Bought a twisted robe for 148 gold pieces
  4881 | D:4      | Identified the +0 robe of Exclusion {Will+ Int-3 Slay+3}
                  | (You bought it in a shop on level 4 of the Dungeon)
  4893 | D:4      | Bought a transparent scale mail for 234 gold pieces
  4893 | D:4      | Identified the +6 scale mail of Giubezuh {rF+ Slay+2} (You
                  | bought it in a shop on level 4 of the Dungeon)
  4916 | D:5      | Entered Level 5 of the Dungeon
  4941 | D:5      | Reached skill level 6 in Fire Magic
  5063 | D:5      | Noticed Ijyb
  5070 | D:5      | Killed Ijyb
  5380 | D:5      | Reached skill level 1 in Evocations
  5843 | D:5      | Gained mutation: Spells you cast may paralyse adjacent
                  | enemies. [demonic ancestry]
  5843 | D:5      | Reached XP level 9. HP: 65/65 MP: 12/12
  5861 | D:5      | Found a staircase to the Ecumenical Temple.
  5980 | D:6      | Noticed Prince Ribbit
  5989 | D:6      | Killed Prince Ribbit
  7236 | D:7      | Reached skill level 5 in Fighting
  7578 | D:7      | Reached skill level 7 in Fire Magic
  7992 | D:7      | Noticed a two-headed ogre
  7992 | D:7      | Noticed a two-headed ogre
  8036 | D:7      | Killed a two-headed ogre
  8137 | D:7      | Reached XP level 10. HP: 76/76 MP: 14/14
  8400 | D:7      | Found a runed translucent gate.
  8400 | D:7      | Found a runed translucent gate.
  8401 | D:7      | Found a runed translucent gate.
  8401 | D:7      | Noticed jdsmith2816's ghost (novice KoBe)
  8626 | D:7      | Noticed a green ugly thing
  8658 | D:7      | Noticed a two-headed ogre
  8658 | D:7      | Noticed a brown ugly thing
  8658 | D:7      | Noticed a two-headed ogre
  8664 | D:7      | Killed a green ugly thing
  8669 | D:7      | Slain by a brown ugly thing

Illustrated notes

Levels and vault maps discovered:
D:1:      dpeg_arrival_caged_fury, layout_basic, minmay_tetromino_l2
D:2:      layout_loops_cross, uniq_robin
D:3:      cheibrodos_thug_alley, layout_loops_ring, jmf_multi_god_temple2,
          basic_ecumenical_altar
D:4:      minmay_bubble_buster, layout_loops_ring,
          nicolae_sif_muna_little_library, serial_shops, nicolae_shop_crystal
D:5:      layout_loops_ring, lemuel_temple_firewalk_b, uniq_ijyb
D:6:      layout_layer_cave, uniq_prince_ribbit1
D:7:      minmay_the_grid_octo_2x2 [minmay_the_grid_octo_empty,
          minmay_the_grid_octo_fan_narrow, minmay_the_grid_octo_teeth,
          minmay_the_grid_octo_prize_big_c], layout_loops_corners,
          gammafunk_ghost_nasty_kobolds, kennysheep_generic_room_14

Skill      XL: |  1  2  3  4  5  6  7  8  9 10 |
---------------+-------------------------------+-----
Fire Magic     | 3 4 5 6 7 |  7.0
Short Blades   | 1 2 3 5 6 |  6.9
Conjurations   | 2 3 4 |  4.5
Hexes          | 1 2 |  2.0
Fighting       | 3 4 5 6 |  6.0
Stealth        | 2 4 |  4.8
Evocations     | 1 3 4 |  4.2
Spellcasting   | 3 |  3.2
Dodging        | |  1.7

Action                   |  1- 3 |  4- 6 |  7- 9 | 10-12 || total
-------------------------+-------+-------+-------+-------++-------
Melee: Short sword       |    89 |    16 |       |       ||   105
       Rapier            |       |    34 |   136 |    23 ||   193
Throw: Dart              |       |       |    10 |     2 ||    12
 Cast: Foxfire           |    37 |    21 |    56 |     2 ||   116
       Inner Flame       |       |       |     6 |       ||     6
Evoke: Wand              |       |       |     5 |     5 ||    10
  Use: Scroll            |     4 |     4 |     3 |       ||    11
 Stab: Sleeping          |     9 |     1 |     6 |     1 ||    17
       Distracted        |       |       |     1 |       ||     1
       Paralysed         |       |       |     1 |     1 ||     2
Armor: Robe              |    29 |     9 |    40 |     2 ||    80
Dodge: Dodged            |    50 |    33 |    92 |    10 ||   185

Table legend: (Time is in decaauts)
 A = Elapsed time spent in this place.
 B = Non-inter-level travel time spent in this place.
 C = Inter-level travel time spent in this place.
 D = Time resting spent in this place.
 E = Time spent auto-exploring this place.
 F = Levels seen in this place.
 G = Mean time per level.
                   A        B        C        D        E       F      G
               +--------+--------+--------+--------+--------+-----+--------+
         Total |   8672 |   8321 |    351 |      0 |   6981 |   7 | 1238.9 |
       Dungeon |   8672 |   8321 |    351 |      0 |   6981 |   7 | 1238.9 |
               +--------+--------+--------+--------+--------+-----+--------+

Top non-repeatable levels by time:
     D:7: 1453 daAuts
     D:3: 1330 daAuts
     D:1: 1281 daAuts
     D:6: 1243 daAuts
     D:4: 1225 daAuts
     D:2: 1093 daAuts
     D:5: 1045 daAuts
